 Dungeon Crawl Stone Soup version 0.19.0-16-g73b5abf (webtiles) character file.

581 Banto the Covert (level 7, -2/27 HPs)
             Began as a Felid Enchanter on Nov 11, 2016.
             Was a Follower of Dithmenos.
             Slain by an orc warrior
             ... wielding a +0 halberd
              (10 damage)
             ... on level 7 of the Dungeon.
             The game lasted 00:14:36 (8457 turns).

Banto the Covert (Felid Enchanter)                  Turns: 8457, Time: 00:14:37

Health: -2/27      AC:  2    Str:  4    XL:     7   Next: 13%
Magic:  11/11      EV: 18    Int: 18    God:    Dithmenos [*.....]
Gold:   408        SH:  0    Dex: 17    Spells: 2 memorised, 5 levels left
                                        Lives:  0   Deaths: 2

rFire  . . .     SeeInvis +       - Unarmed
rCold  . . .     Gourm    .     (armour unavailable)
rNeg   . . .     Faith    +     (shield unavailable)
rPois  .         Spirit   .     (helmet unavailable)
rElec  .         Reflect  .     (cloak unavailable)
rCorr  .         Harm     .     (gloves unavailable)
MR     +....                    (boots unavailable)
Stlth  +++++++++.               r - amulet of faith
                                h - ring of stealth
                                i - ring of stealth

@: wreathed by umbra, quick
A: no armour, no weapons or thrown items, stealth, claws 1, fangs 3, see
invisible, carnivore 3, speed 1, shaggy fur 2, slow metabolism 1, sharp paws
a: Renounce Religion


You were on level 7 of the Dungeon.
You worshipped Dithmenos.
Dithmenos was aware of your devotion.
You were not hungry.

You visited 2 branches of the dungeon, and saw 8 of its levels.

You collected 408 gold pieces.

Inventory:

Jewellery
 c - an uncursed ring of protection from cold
 e - an uncursed ring of wizardry
 h - a ring of stealth (right paw)
 i - a ring of stealth (left paw)
 r - an amulet of faith (around neck)
 u - an uncursed amulet of regeneration {unknown}
Wands
 l - a wand of lightning (7/15)
 t - a wand of enslavement (17/24)
 w - a wand of digging (16/24)
Scrolls
 d - 3 scrolls of remove curse
 m - 4 scrolls of teleportation
 p - 2 scrolls of amnesia
Potions
 f - 2 potions of cancellation
 g - 2 potions of brilliance
 j - a potion of might
 n - a potion of lignification
 o - a potion of curing
 q - a potion of resistance
 v - 2 potions of heal wounds
 x - a potion of ambrosia
Books
 a - a book of Maledictions

   Spells                             Type                      Level
   a - Corona                         Hexes                        1
   b - Ensorcelled Hibernation        Hexes/Ice                    2
   c - Confuse                        Hexes                        3
   d - Tukima's Dance                 Hexes                        3
   e - Dazzling Spray                 Conjuration/Hexes            3
Comestibles
 b - 2 meat rations
 k - 2 beef jerkies


   Skills:
 - Level 2.6 Dodging
 + Level 12.2 Stealth
 + Level 8.3 Unarmed Combat
 - Level 2.0 Spellcasting
 - Level 4.4 Hexes


You had 5 spell levels left.
You knew the following spells:

 Your Spells              Type           Power        Failure   Level  Hunger
b - Ensorcelled Hibernat  Hex/Ice        #.....       12%         2    ###....
c - Confuse               Hex            ###.....     12%         3    ###....


Dungeon Overview and Level Annotations

Branches:
Dungeon (7/15)             Temple (1/1) D:5

Altars:
Ashenzari
Cheibriados
Dithmenos
Elyvilon
Fedhas
Gozag
Hepliaklqana
Kikubaaqudgha
Makhleb
Nemelex Xobeh
Okawaru
Qazlal
Ru
Sif Muna
Trog
Uskayaw
Vehumet
Xom
Yredelemnul
Zin
The Shining One


Innate Abilities, Weirdness & Mutations

You cannot wear armour.
You are incapable of wielding weapons or throwing items.
Your paws allow you to move quietly. (Stealth)
You have sharp claws.
You have razor-sharp teeth.
You have supernaturally acute eyesight. (SInv)
You are carnivorous and can eat meat at any time.
You cover ground quickly.
You are covered in thick fur. (AC +2)
You have a slow metabolism.
Your sharp claws are effective at attacking unaware monsters.


Message History

The orc wizard shouts!
You hear a shout!
The orc misses you. The orc wizard misses you.
The orc wizard hits you but does no damage.
You completely miss the orc wizard. Your claw misses the orc wizard.
The orc barely misses you. The orc wizard barely misses you.
You scratch the orc.
The orc is almost dead.
The orc hits you.
The orc wizard mumbles some strange words.
The orc wizard blinks!
The orc warrior hits you from afar with a halberd!
You take 10 damage, and have 17/27 hp.
MASSIVE DAMAGE!!
You barely miss the orc.
The orc is almost dead.
The orc closely misses you.
The orc wizard gestures at you while chanting.
The puff of frost hits you!
* * * LOW HITPOINT WARNING * * *
The orc warrior hits you from afar with a halberd!
You die...

.............##
..........#...
.......)..#..##
.#####.#......# .#
#.#.##.[.# .#
#.#.##.†.##########
.# #........##.......
.#####.###..#...§#..#
.....#.# #..####@oo.#
(###.#.###.## ##o#.#
.###.#......# .# #
...#.##.###.# .o
#....##.###.# ##.
##........#.# ##
#...##.#.#.#
##.####.#.#.# #.##
#...<.#


You could see an orc warrior, 2 orc wizards and an orc.

Vanquished Creatures
  Sigmund (D:5)
  A steam dragon (D:7)
  Edmund (D:5)
  Duvessa (D:7)
  An orc warrior (D:6)
  The ghost of moozooh the Ruffian, an amateur TrMo (D:3)
  2 phantoms (D:5)
  An ice beast (D:6)
  An ogre (D:6)
  A necrophage (D:5)
  A bullfrog (D:6)
  Dowan (D:7)
  A scorpion (D:5)
  A centaur zombie (D:5)
  A bullfrog skeleton (D:7)
  3 orc priests
  Crazy Yiuf (D:2)
  5 orc wizards
  A centaur skeleton (D:4)
  Jessica (D:3)
  2 worker ants
  2 hound skeletons (D:5)
  2 worker ant zombies (D:6)
  A gnoll (D:1)
  A howler monkey zombie (D:7)
  5 adders
  3 oozes
  4 worms
  3 dart slugs (D:1)
  6 leopard geckos
  22 orcs
  9 bats
  6 giant cockroaches
  19 goblins
  13 hobgoblins
  11 jackals
  A ball python (D:2)
  4 frilled lizards
  4 kobolds
  A quokka skeleton (D:5)
  2 rats
148 creatures vanquished.

Vanquished Creatures (others)
  A fungus (D:2)
1 creature vanquished.

Grand Total: 149 creatures vanquished

Notes
Turn   | Place    | Note
-------+----------+-------------------------------------------
     0 | D:1      | Banto the Felid Enchanter began the quest for the Orb.
     0 | D:1      | Reached XP level 1. HP: 7/7 MP: 4/4
   581 | D:1      | Reached XP level 2. HP: 10/11 MP: 3/6
   614 | D:1      | Learned a level 2 spell: Ensorcelled Hibernation
  1006 | D:1      | Reached skill level 5 in Stealth
  1006 | D:1      | Reached XP level 3. HP: 13/14 MP: 7/7
  1815 | D:2      | Reached XP level 4. HP: 18/18 MP: 5/8
  2044 | D:2      | Found a runed door.
  2048 | D:2      | Noticed Crazy Yiuf
  2136 | D:2      | Killed Crazy Yiuf
  2136 | D:2      | Reached skill level 6 in Stealth
  2167 | D:2      | Learned a level 3 spell: Confuse
  2474 | D:2      | Found an iron altar of Okawaru.
  2752 | D:3      | Noticed moozooh's ghost (amateur TrMo)
  2771 | D:3      | Reached XP level 5. HP: 21/21 MP: 9/9
  4206 | D:3      | Killed moozooh's ghost
  4206 | D:3      | Reached skill level 7 in Stealth
  4521 | D:3      | Gained mutation: You are covered in thick fur. (AC +2) [Felid growth]
  4521 | D:3      | Reached XP level 6. HP: 24/24 MP: 7/10
  4726 | D:3      | Noticed Jessica
  4739 | D:3      | Killed Jessica
  5323 | D:4      | Reached skill level 8 in Stealth
  5508 | D:5      | Entered Level 5 of the Dungeon
  5588 | D:5      | Noticed Sigmund
  5799 | D:5      | Killed Sigmund
  5799 | D:5      | Reached skill level 5 in Unarmed Combat
  5799 | D:5      | Reached XP level 7. HP: 27/27 MP: 6/11
  5858 | D:5      | Reached skill level 9 in Stealth
  5996 | D:6      | HP: 1/27 [orc priest/divine providence (8)]
  6228 | D:5      | Noticed Edmund
  6236 | D:5      | Killed Edmund
  6355 | D:5      | Reached skill level 10 in Stealth
  6466 | D:5      | Reached XP level 8. HP: 31/31 MP: 5/12
  6651 | D:5      | Found a staircase to the Ecumenical Temple.
  6660 | Temple   | Entered the Ecumenical Temple
  6749 | Temple   | Became a worshipper of Dithmenos the Shadowed
  7305 | D:6      | Noticed a hill giant
  7551 | D:6      | Found a shadowy altar of Dithmenos.
  7597 | D:6      | Reached skill level 11 in Stealth
  7934 | D:6      | Reached * piety under Dithmenos
  8249 | D:7      | Noticed Duvessa
  8251 | D:7      | Noticed Dowan
  8253 | D:7      | Killed Duvessa
  8261 | D:7      | Killed Dowan
  8277 | D:7      | Killed from afar by an orc wizard
  8278 | D:7      | Reached XP level 7. HP: 0/27 MP: 0/11
  8349 | D:7      | Reached skill level 12 in Stealth
  8406 | D:7      | Noticed a steam dragon
  8415 | D:7      | Killed a steam dragon
  8415 | D:7      | Reached XP level 8. HP: 6/31 MP: 2/12
  8416 | D:7      | Slain by an adder
  8417 | D:7      | Reached XP level 7. HP: -2/27 MP: 0/11
  8457 | D:7      | Slain by an orc warrior

Skill      XL: |  1  2  3  4  5  6  7  8 |
---------------+-------------------------+-----
Unarmed Combat | 2 3 4 5 6 8 |  8.3
Stealth        | 5 6 7 8 12 11 | 12.2
Dodging        | |  2.6
Spellcasting   | |  2.0
Hexes          | |  4.4

Action                   |  1- 3 |  4- 6 |  7- 9 || total
-------------------------+-------+-------+-------++-------
Melee: Unarmed           |    70 |   133 |   159 ||   362
       Bite              |     4 |     7 |    11 ||    22
       Punch             |       |       |     5 ||     5
 Cast: Corona            |     9 |     1 |       ||    10
       Ensorcelled Hiber |    12 |    70 |    49 ||   131
       Confuse           |       |     8 |     9 ||    17
  Use: Scroll            |     3 |     9 |     7 ||    19
       Potion            |       |       |     3 ||     3
 Stab: Sleeping          |    19 |    51 |    22 ||    92
       Distracted        |       |     2 |     2 ||     4
       Confused          |       |     4 |     3 ||     7
  Eat: Chunk             |     9 |    14 |     7 ||    30
Armor: Skin              |     1 |     7 |     5 ||    13
Dodge: Dodged            |    36 |   146 |    96 ||   278

Table legend:
 A = Turns spent in this place as a percentage of turns spent in the entire game.
 B = Non-inter-level travel turns spent in this place as a percentage of non-inter-level travel turns spent in the entire game.
 C = Inter-level travel turns spent in this place as a percentage of turns spent in this place.
 D = Turns resting spent in this place as a percentage of non-inter-level travel turns spent in this place.
 E = Turns spent auto-exploring this place as a percentage of non-inter-level travel turns spent in this place.
 F = Non-inter-level travel turns spent in this place divided by the number of levels of this place that you've seen.
                   A       B       C       D       E      F
               +-------+-------+-------+-------+-------+----------------------
         Total | 100.0 | 100.0 |   0.7 |   6.8 |   8.8 | 284.8
       Dungeon |  98.8 |  98.9 |   0.6 |   6.8 |   8.2 | 321.7
        Temple |   1.2 |   1.1 |   7.1 |   0.0 |  65.4 |  26.0
               +-------+-------+-------+-------+-------+----------------------

Table legend:
 A = Kills in this place as a percentage of kills in entire the game.
 B = Kills by you in this place as a percentage of kills by you in the entire game.
 C = Kills by friends in this place as a percentage of kills by friends in the entire game.
 D = Other kills in this place as a percentage of other kills in the entire game.
 E = Experience gained in this place as a percentage of experience gained in the entire game.
 F = Experience gained in this place divided by the number of levels of this place that you have seen.
                   A       B       C       D       E      F
               +-------+-------+-------+-------+-------+----------------------
         Total | 100.0 | 100.0 |  -nan |  -nan | 100.0 | 359.0
       Dungeon | 100.0 | 100.0 |  -nan |  -nan | 100.0 | 410.3
               +-------+-------+-------+-------+-------+----------------------
